 Dungeon Crawl Stone Soup version 0.27-a0-577-ge2a43ba0c9 (webtiles) character file.

Game seed: 17432663559291692797

79 jasper the Sneak (level 4, -11/21 HPs)
             Began as a Spriggan Enchanter on Mar 9, 2021.
             Mangled by an ogre
             ... wielding a +0 giant club
              (21 damage)
             ... on level 4 of the Dungeon.
             The game lasted 00:03:27 (2106 turns).

jasper the Sneak (Spriggan Enchanter)               Turns: 2106, Time: 00:03:28

Health: -11/21     AC:  2    Str:  4    XL:     4   Next: 17%
Magic:  3/9        EV: 18    Int: 17    God:
Gold:   50         SH:  0    Dex: 15    Spells: 3/9 levels left

rFire    + . .     SeeInvis +   a - +1 dagger
rCold    . . .     Faith    .   (shield restricted)
rNeg     . . .     Spirit   .   b - +0 robe
rPois    .         Reflect  .   (helmet restricted)
rElec    .         Harm     .   (no cloak)
rCorr    .         Rampage  .   (gloves unavailable)
Will     .....                  (boots unavailable)
Stlth    +++.......             (no amulet)
HPRegen  0.07/turn              k - ring of protection from fire
MPRegen  0.11/turn              (no ring)

@: confusing by touch, very quick
A: very small, unfitting armour, see invisible, speed 3
a: no special abilities


You were on level 4 of the Dungeon.
You visited 1 branch of the dungeon, and saw 4 of its levels.

You collected 50 gold pieces.

Inventory:

Hand Weapons
 a - a +1 dagger (weapon)
Missiles
 m - 34 arrows
Armour
 b - a +0 robe (worn)
Jewellery
 j - a ring of flight
 k - a ring of protection from fire (left hand)
 l - an amulet of reflection
Scrolls
 c - 2 scrolls of identify {unknown}
 e - a scroll of magic mapping {unknown}
 g - a scroll of teleportation {unknown}
 h - a scroll of fog {unknown}
 o - a scroll of noise {unknown}
 p - a scroll of enchant armour {unknown}
 q - a scroll of enchant weapon {unknown}
Potions
 d - a potion of magic {unknown}
 f - 2 potions of mutation {unknown}
 i - a potion of flight {unknown}
 n - 2 potions of invisibility {unknown}


   Skills:
 - Level 1.1 Short Blades
 + Level 3.5 Dodging
 * Level 5.9 Stealth
 - Level 3.0 Spellcasting
 * Level 4.7 Hexes


You had 3 spell levels left.
You knew the following spells:

 Your Spells              Type           Power      Damage    Failure   Level
a - Corona                Hex            20%        N/A       2%          1
b - Ensorcelled Hibernat  Hex/Ice        20%        N/A       10%         2
c - Confusing Touch       Hex            18%        N/A       8%          3

Your spell library contained the following spells:

 Spells                   Type           Power      Damage    Failure   Level
 Tukima's Dance           Hex            18%        N/A       8%          3
 Dazzling Flash           Conj/Hex       20%        N/A       21%         3


Dungeon Overview and Level Annotations

Branches:
Dungeon (4/15)
 Temple: D:4-7

Altars:

Annotations:
D:2 Terence


Innate Abilities, Weirdness & Mutations

You are very small and have problems with some larger weapons.
You are too small for most types of armour.
You have supernaturally acute eyesight. (SInv)
You cover ground extremely quickly. (Speed+++)


Message History

Memorise Confusing Touch, consuming 3 spell levels and leaving 3?
You start memorising the spell.
You continue memorising. x3
You finish memorising.
Spell assigned to 'c'.
q - a scroll labelled ZEORID YXE WEAT The ogre completely misses you.
Aiming: Ensorcelled Hibernation (safe; 10% risk of failure)
Press: ? - help, Q - select action, (/) - cycle Shift-Dir - straight line, f - ogre
Aim: an ogre, wielding a +0 giant club (chance to affect: 41%)
The ogre resists with some effort.
You now have 7/9 mp.
Aiming: Ensorcelled Hibernation (safe; 10% risk of failure)
Press: ? - help, Q - select action, (/) - cycle Shift-Dir - straight line, f/p - ogre
Aim: an ogre, wielding a +0 giant club (chance to affect: 41%)
The ogre looks drowsy...
You now have 5/9 mp.
The helpless ogre fails to defend itself.
You impale the ogre!!
The ogre is almost dead.
The ogre barely misses you.
You aren't carrying any items that you can evoke.
Casting: Ensorcelled Hibernation (safe; 10% risk of failure)
Confirm with . or Enter, or press ? or * to list all spells.
The spell is quite dangerous to cast (8% risk of failure)!
Continue anyway?
Your hands begin to glow red.
You now have 2/9 mp.
You completely miss the ogre.
The ogre is almost dead.
The ogre misses you.
You hit the ogre but do no damage.
The ogre is almost dead.
The ogre hits you with a +0 giant club!
Ouch! That really hurt!
You take 11 damage, and have 10/21 hp.
MASSIVE DAMAGE!!
You barely miss the ogre.
The ogre is almost dead.
You hit the ogre but do no damage.
The ogre is almost dead.
The ogre hits you with a +0 giant club!!
Ouch! That really hurt!
You die...

.......##..
.........#... .
...#?....... .#
####...#........ ..#
#...#.##.......###....
#............#.#...###
...........#.......#
#.......#..........
#.......@O.#..###..
#<......[..#..##
#......#.......#
#......#..........
#...............#.
##.##).......#..# #
####........#.##
####........
#.........


You could see an ogre.

Vanquished Creatures
  A worker ant (D:4)
  2 adders
  A worm (D:3)
  A leopard gecko (D:1)
  4 orcs
  4 giant cockroaches
  5 hobgoblins
  5 kobolds
  2 bats
  5 rats
30 creatures vanquished.

Vanquished Creatures (others)
  9 plants (D:3)
9 creatures vanquished.

Grand Total: 39 creatures vanquished

Notes
Turn   | Place    | Note
-------+----------+-------------------------------------------
     0 | D:1      | jasper the Spriggan Enchanter began the quest for the Orb.
     0 | D:1      | Reached XP level 1. HP: 9/9 MP: 5/5
   457 | D:1      | Reached XP level 2. HP: 9/13 MP: 4/6
   471 | D:1      | Learned a level 2 spell: Ensorcelled Hibernation
   805 | D:2      | Reached skill level 5 in Stealth
   851 | D:2      | Found a faded altar of an unknown god.
  1108 | D:2      | Noticed Terence
  1272 | D:3      | Reached XP level 3. HP: 16/16 MP: 5/8
  2042 | D:4      | Noticed an ogre
  2054 | D:4      | Reached XP level 4. HP: 21/21 MP: 6/9
  2083 | D:4      | Learned a level 3 spell: Confusing Touch
  2106 | D:4      | Mangled by an ogre

Illustrated notes

Levels and vault maps discovered:
D:1:      lightli_arrival_noodles, layout_loops_ring
D:2:      layout_basic, chequers_ecumenical_altar_island, minmay_pentomino_p4,
          uniq_terence
D:3:      layout_rooms, serial_bayou, serial_bayou_lake_a,
          serial_bayou_crossing, serial_bayou_shore_b, serial_bayou_ford_a
D:4:      layout_cave_pools, kennysheep_flooded_box, elyvilon_altar_4

Skill      XL: |  1  2 |
---------------+-------+-----
Spellcasting   | 3 |  3.0
Hexes          | 4 |  4.7
Dodging        | 3 |  3.5
Stealth        | 5 |  5.9
Short Blades   | |  1.1

Action                   |  1- 3 |  4- 6 || total
-------------------------+-------+-------++-------
Melee: Dagger            |    65 |     5 ||    70
 Cast: Corona            |     5 |       ||     5
       Ensorcelled Hiber |    19 |     2 ||    21
       Confusing Touch   |       |     1 ||     1
 Stab: Sleeping          |    25 |     1 ||    26
Armor: Robe              |     5 |       ||     5
Dodge: Dodged            |    32 |     3 ||    35

Table legend: (Time is in decaauts)
 A = Elapsed time spent in this place.
 B = Non-inter-level travel time spent in this place.
 C = Inter-level travel time spent in this place.
 D = Time resting spent in this place.
 E = Time spent auto-exploring this place.
 F = Levels seen in this place.
 G = Mean time per level.
                   A        B        C        D        E       F      G
               +--------+--------+--------+--------+--------+-----+--------+
         Total |   1800 |   1773 |     27 |    695 |    773 |   4 |  450.0 |
       Dungeon |   1800 |   1773 |     27 |    695 |    773 |   4 |  450.0 |
               +--------+--------+--------+--------+--------+-----+--------+

Top non-repeatable levels by time:
     D:3: 685 daAuts
     D:1: 660 daAuts
     D:2: 371 daAuts
     D:4: 82 daAuts
